 Dungeon Crawl Stone Soup version 0.27.1-1-g398f81649c (webtiles) character file.

Game seed: 13019515008597765056

1329 ZARRMARR the Cutter (level 8, -3/55 HPs)
             Began as an Octopode Monk on Sept 9, 2021.
             Was a Believer of Sif Muna.
             Slain by a sixfirhy (9 damage)
             ... on level 7 of the Dungeon.
             The game lasted 00:25:32 (5503 turns).

ZARRMARR the Cutter (Octopode Monk)                 Turns: 5503, Time: 00:25:36

Health: -3/55      AC:  1    Str: 16    XL:     8   Next: 60%
Magic:  9/9        EV: 15    Int: 14    God:    Sif Muna [**....]
Gold:   1435       SH:  0    Dex: 14    Spells: 7/7 levels left

rFire    + . .     SeeInvis .   m - +5 quick blade of Cuehi {vamp, rF+ Str+5}
rCold    + . .     Faith    .   (no shield)
rNeg     . . .     Spirit   .   (helmet restricted)
rPois    .         Reflect  .   f - amulet of regeneration
rElec    .         Harm     .   k - ring of willpower
rCorr    .         Rampage  .   s - ring of protection from cold
Will     +....                  (no ring)
Stlth    ++++......             (no ring)
HPRegen  1.18/turn              (no ring)
MPRegen  0.11/turn              (no ring)
                                (no ring)
                                (no ring)

@: hasted, very quick
A: almost no armour, amphibious, 8 rings, camouflage 1, gelatinous body 1,
(nimble swimmer 1), tentacles
a: Renounce Religion, Channel Magic


You were on level 7 of the Dungeon.
You worshipped Sif Muna.
Sif Muna was pleased with you.
You visited 2 branches of the dungeon, and saw 8 of its levels.
You also visited: Ossuary.

You collected 1435 gold pieces.

Inventory:

Hand Weapons
 j - a +1 whip of electrocution
 m - the +5 quick blade of Cuehi (weapon) {vamp, rF+ Str+5}
   (You acquired it in an ossuary)

   It occasionally heals its wielder for a portion of the damage dealt when it
   wounds a living foe.
   Str:       It affects your strength (+5).
   rF:        It protects you from fire.
Missiles
 i - 14 poisoned darts (quivered)
Jewellery
 f - an amulet of regeneration (around mantle)
 k - a ring of willpower (left tentacle)
 s - a ring of protection from cold (right tentacle)
Wands
 r - a wand of digging (1)
Scrolls
 a - a scroll of blinking {unknown}
 c - 2 scrolls of enchant armour
 d - a scroll of amnesia
 e - 3 scrolls of immolation
 o - 3 scrolls of teleportation
 u - 8 scrolls of noise
 v - 2 scrolls of enchant weapon {unknown}
 A - a scroll of fog {unknown}
Potions
 b - 2 potions of cancellation {unknown}
 g - 2 potions of attraction {unknown}
 h - 2 potions of curing
 l - 2 potions of invisibility {unknown}
 n - 9 potions of degeneration
 p - a potion of resistance {unknown}
 q - 3 potions of flight
 w - a potion of mutation {unknown}
 x - a potion of lignification {unknown}
 z - a potion of might {unknown}


   Skills:
 + Level 5.3 Fighting
 * Level 7.0 Short Blades
 + Level 5.3 Dodging
 + Level 6.9 Stealth
 + Level 1.6 Invocations


You had 7 spell levels left.
You didn't know any spells.
Your spell library contained the following spells:

 Spells                   Type           Power      Damage    Failure   Level
 Sublimation of Blood     Necr           0%         N/A       41%         2
 Petrify                  Tmut/Erth      0%         N/A       96%         4
 Fireball                 Conj/Fire      0%         3d3       100%        5
 Irradiate                Conj/Tmut      0%         3d13      100%        5
 Starburst                Conj/Fire      0%         6d3       100%        6
 Ignition                 Fire           0%         3d3       100%        8


Dungeon Overview and Level Annotations

Branches:
Dungeon (7/15)             Temple (1/1) D:7         Ossuary (visited)

Altars:
Dithmenos
Elyvilon
Fedhas
Gozag
Hepliaklqana
Kikubaaqudgha
Makhleb
Nemelex Xobeh
Okawaru
Qazlal
Sif Muna
Trog
Uskayaw
Vehumet
Xom
Zin

Shops:
D:4 *

Annotations:
D:4 exclusions: black bear and dart slug, Duvessa
D:5 exclusions: ice beast, ogre and scorpion


Innate Abilities, Weirdness & Mutations

You cannot wear most types of armour.
You are amphibious.
You can wear up to eight rings at the same time.
Your skin changes colour to match your surroundings (Stealth+).
Your rubbery body absorbs attacks. (AC +1, EV +1)
((You are camouflaged near water. (Stealth+)))
You have tentacles for arms and can constrict up to eight enemies at once.


Message History

You squeeze the orc priest, but do no damage.
You constrict the orc priest, but do no damage.
You hit the orc priest.
The orc priest is moderately wounded.
You constrict the orc priest.
The orc priest hits you with a +0 short sword.
You hit the orc priest. You squeeze the orc priest.
You kill the orc priest!
Sif Muna accepts your kill.
Things that are here:
a +0 short sword; an orc corpse You start resting.
HP restored.
Magic restored.
Things that are here:
a +0 hand axe; an orc corpse You see here a +0 trident.
Found a scroll of immolation.
Found a stone staircase leading up.
e - 3 scrolls of immolation (gained 1)
Found a leather armour.
Found 16 gold pieces.
Found a stone staircase leading down.
Found a scroll of teleportation.
You now have 1435 gold pieces (gained 16).
o - 3 scrolls of teleportation (gained 1)
You see here a +0 leather armour.
Things that are here:
17 arrows; a +0 shortbow
There is a stone staircase leading up here.
There is a stone staircase leading up here.
Found a runed translucent door.
Found a burning altar of Makhleb.
As you open the door, it creaks loudly!
You feel yourself speed up. The sixfirhy hits you. The sixfirhy shocks you!
The sixfirhy hits you. The sixfirhy shocks you! The sixfirhy hits you!
The sixfirhy shocks you!
* * * LOW HITPOINT WARNING * * *
The sixfirhy hits you!
* * * LOW HITPOINT WARNING * * *
The sixfirhy shocks you!
You die...

####...# ####### *,**,,,*,*
.......# #.....# *,**,,,*,**
....#.## #.....# *,******,,*
....#.## #.....# *,,,,****,**
.......# #.....# *,,,,+,,*,,*
..###..#####.....###*,,,,*****,*
..# #..<...........#*,,,,*****,**
..###..#####.......##...,*,,,,,,,
................@.....#***,,,,,,,
................#3#...#***,,,,,,,
.......##.......#_#.#.#.##,...,,,
.##.##..........###......,,..#,**
.##....##...........#.#.#**#.#,,*
..#.##.##......###.##.#.####.##,*
....##.........# #.#..........,,,
..#.#..###.##### #.#..#.#.##.#**,
..#...#####.######.#..#.#.##.###.


You could see a sixfirhy.

Vanquished Creatures
  A water moccasin (D:7)
  A black bear (D:4)
  An ice beast (D:7)
  An ogre (D:6)
  A centaur (D:7)
  2 phantoms
  A gnoll sergeant (D:7)
  A scorpion (D:5)
  A water moccasin skeleton (D:6)
  2 centaur zombies
  A hound (D:7)
  4 orc priests
  A human zombie (Ossuary)
  A jelly (D:7)
  2 centaur skeletons
  A bullfrog skeleton (D:5)
  An orc wizard (D:7)
  3 mummies (Ossuary)
  4 gnolls
  3 adders
  A howler monkey skeleton (D:6)
  A white imp (D:7)
  A worm (D:2)
  A dart slug (D:1)
  9 orcs
  3 bats
  7 endoplasms
  4 giant cockroaches
  2 gnoll zombies (Ossuary)
  3 hobgoblins
  3 quokkas
  4 ball pythons
  2 frilled lizards (D:2)
  6 goblins
  A goblin zombie (Ossuary)
  A hobgoblin zombie (Ossuary)
  8 kobolds
  A kobold zombie (Ossuary)
  An orc zombie (Ossuary)
  6 rats
98 creatures vanquished.

Notes
Turn   | Place    | Note
-------+----------+-------------------------------------------
     0 | D:1      | ZARRMARR the Octopode Monk began the quest for the Orb.
     0 | D:1      | Reached XP level 1. HP: 16/16 MP: 1/1
   323 | D:1      | Reached XP level 2. HP: 21/21 MP: 2/2
   347 | D:1      | Found a faded altar of an unknown god.
  1034 | D:2      | Reached XP level 3. HP: 26/26 MP: 3/3
  1333 | D:3      | Reached XP level 4. HP: 20/31 MP: 4/4
  1641 | D:3      | Reached skill level 4 in Short Blades
  2159 | D:4      | Noticed Duvessa
  2218 | D:4      | Found a sparkling altar of Nemelex Xobeh.
  2221 | D:4      | Noticed a black bear
  2236 | D:4      | Killed a black bear
  2237 | D:4      | Reached XP level 5. HP: 24/37 MP: 5/5
  2292 | D:4      | Noticed a black bear
  2359 | D:4      | Found Toneuxi's Assorted Antiques.
  2556 | D:4      | Found Toneuxi's Assorted Antiques.
  2706 | D:4      | Found a sparkling altar of Nemelex Xobeh.
  3061 | D:5      | Entered Level 5 of the Dungeon
  3061 | D:5      | Noticed a phantom
  3114 | D:5      | Reached XP level 6. HP: 43/43 MP: 6/6
  3137 | D:5      | Noticed an ice beast
  3617 | D:5      | Reached skill level 5 in Short Blades
  3637 | D:5      | Reached skill level 5 in Stealth
  3938 | D:6      | Found a glowing silver altar of Zin.
  3974 | D:6      | Reached XP level 7. HP: 49/49 MP: 7/7
  3980 | D:6      | Found an opulent altar of Gozag.
  3998 | D:6      | Found a white marble altar of Elyvilon.
  4100 | D:6      | Found a bloodstained altar of Trog.
  4616 | D:7      | Found a sand-covered staircase.
  4623 | Ossuary  | Entered an ossuary
  4734 | Ossuary  | Reached skill level 6 in Short Blades
  4748 | Ossuary  | Identified a scroll of acquirement
  4749 | Ossuary  | Acquired the +5 quick blade of Cuehi {vamp, rF+ Str+5}
  4825 | Ossuary  | Acquired 1194 gold pieces
  4883 | D:7      | Reached XP level 8. HP: 40/54 MP: 8/8
  4892 | D:7      | Reached skill level 5 in Fighting
  4923 | D:7      | Found a staircase to the Ecumenical Temple.
  4925 | D:7      | Reached skill level 5 in Dodging
  4929 | Temple   | Entered the Ecumenical Temple
  5034 | Temple   | Became a worshipper of Sif Muna the Loreminder
  5034 | Temple   | Reached * piety under Sif Muna
  5034 | Temple   | Reached ** piety under Sif Muna
  5138 | D:7      | Reached skill level 1 in Invocations
  5275 | D:7      | Reached skill level 7 in Short Blades
  5495 | D:7      | Found a runed translucent door.
  5501 | D:7      | Found a burning altar of Makhleb.
  5501 | D:7      | Noticed a sixfirhy
  5503 | D:7      | Slain by a sixfirhy

Illustrated notes

Levels and vault maps discovered:
D:1:      evilmike_arrival_crescent, layout_loops_cross,
          ebering_ecumenical_altar_box
D:2:      layout_rooms, kennysheep_generic_room_2
D:3:      layout_basic
D:4:      layout_cave_pools, mainiacjoe_overflow_alcove_2, serial_shops,
          nicolae_shop_behind_doors, minmay_fountain_box,
          corexii_hall_statues_deadend, uniq_duvessa
D:5:      layout_loops_ring
D:6:      layout_gridville, pdpol_temple_overflow_zin_treasury_gozag_greed,
          elyvilon_altar_5, mainiacjoe_overflow_six_doors_small
D:7:      layout_basic, kennysheep_little_box, nzn_makhleb_speed_demon,
          minmay_temple_entry_wispy, nicolae_ossuary_entry_ruins
Temple:   compressed_dpeg_circular_temple

Skill      XL: |  1  2  3  4  5  6  7  8 |
---------------+-------------------------+-----
Stealth        | 3 4 5 6 |  6.9
Short Blades   | 4 5 6 7 |  7.0
Fighting       | 4 5 |  5.3
Dodging        | 4 5 |  5.3
Invocations    | 1 |  1.6

Action                   |  1- 3 |  4- 6 |  7- 9 || total
-------------------------+-------+-------+-------++-------
Melee: Short sword       |    63 |   113 |    31 ||   207
       Tentacles         |     7 |    22 |    37 ||    66
       Constrict         |    13 |    11 |    21 ||    45
       Quick blade       |       |       |    73 ||    73
Throw: Dart              |       |       |     5 ||     5
  Use: Scroll            |     2 |     3 |     6 ||    11
       Potion            |     2 |       |     2 ||     4
 Stab: Sleeping          |    15 |    12 |     7 ||    34
       Distracted        |       |       |     1 ||     1
Armor: Skin              |     1 |     8 |     1 ||    10
Dodge: Dodged            |    35 |    74 |    24 ||   133
